 Dungeon Crawl Stone Soup version 0.27-a0-1202-ge72e49191c (webtiles) character file.

Game seed: 5647588104532004292

1337 bande the Chopper (level 8, 0/73 HPs)
             Began as a Gargoyle Fighter on June 2, 2021.
             Was a Follower of Okawaru.
             Slain by Sigmund
             ... wielding a +0 scythe
              (6 damage)
             ... on level 6 of the Dungeon on June 3, 2021.
             The game lasted 00:10:48 (5240 turns).

bande the Chopper (Gargoyle Fighter)                Turns: 5240, Time: 00:10:48

Health: 0/73       AC: 24    Str: 31    XL:     8   Next: 61%
Magic:  9/9        EV:  2    Int:  9    God:    Okawaru [*.....]
Gold:   354        SH: 12    Dex: 10    Spells: 7/7 levels left

rFire    . . .     SeeInvis .   a - +1 war axe (protect)
rCold    . . .     Faith    .   c - +1 kite shield
rNeg     + + +     Spirit   .   (armour currently unavailable)
rPois    ∞         Reflect  .   (helmet currently unavailable)
rElec    .         Harm     .   (cloak currently unavailable)
rCorr    .         Rampage  .   (gloves currently unavailable)
Will     .....     Clarity  +   (boots currently unavailable) Stlth +.........NoTele +
                                (no amulet)
HPRegen  0.22/turn              i - ring of positive energy
MPRegen  0.11/turn              k - +6 ring of strength

@: tree-form
A: stationary, stasis, torment immunity, boosted hp, sickness immunity, AC +5,
negative energy resistance 1, (electricity resistance), torment resistance 1,
petrification resistance, clarity, strong 2, subdued magic 1
a: Renounce Religion, Heroism


You were on level 6 of the Dungeon.
You worshipped Okawaru.
Okawaru was aware of your devotion.
You were a tree.
You visited 2 branches of the dungeon, and saw 7 of its levels.
You also visited: Ossuary.

You collected 354 gold pieces.

Inventory:

Hand Weapons
 a - a +1 war axe of protection (weapon)
Armour
 b - the +0 pair of gloves of Beyond (melded) {rElec rPois rCorr}
   (You found it on level 4 of the Dungeon)

   It insulates you from electricity.
   It protects you from poison.
   It protects you from acid and corrosion.
 c - a +1 kite shield (worn)
 n - a +0 helmet (melded)
 o - a +0 chain mail (melded)
Jewellery
 f - a ring of poison resistance
 i - a ring of positive energy (left branch)
 k - a +6 ring of strength (right branch)
 s - a ring of wizardry
Wands
 l - a wand of iceblast (8)
 m - a wand of flame (13)
Scrolls
 e - a scroll of fog
 g - 2 scrolls of blinking
 j - 4 scrolls of teleportation
 p - 4 scrolls of identify
 r - a scroll of enchant armour
 u - a scroll of magic mapping {unknown}
 v - a scroll of enchant weapon
Potions
 d - a potion of might
 h - 2 potions of flight
 q - 2 potions of mutation


   Skills:
 + Level 5.0 Fighting
 + Level 5.9 Axes
 + Level 5.3 Armour
 - Level 1.1 Dodging
 - Level 0.1 Stealth
 + Level 5.5 Shields
 * Level 1.9 Invocations
 * Level 3.1 Evocations


You had 7 spell levels left.
You didn't know any spells.
Your spell library contained the following spells:

 Spells                   Type           Power      Damage    Failure   Level
 Corona                   Hex            0%         N/A       77%         1
 Sandblast                Erth           0%         2d4       77%         1
 Ensorcelled Hibernation  Hex/Ice        0%         N/A       88%         2
 Passwall                 Tmut/Erth      0%         N/A       88%         2
 Confusing Touch          Hex            0%         N/A       98%         3
 Dazzling Flash           Conj/Hex       0%         N/A       98%         3
 Stone Arrow              Conj/Erth      0%         3d7       98%         3
 Tukima's Dance           Hex            0%         N/A       98%         3
 Petrify                  Tmut/Erth      0%         N/A       100%        4
 Lee's Rapid Deconstruct  Erth           0%         3d5*      100%        5


Dungeon Overview and Level Annotations

Branches:
Dungeon (6/15)             Temple (1/1) D:5         Ossuary (visited)

Altars:
Ashenzari
Cheibriados
Dithmenos
Elyvilon
Fedhas
Gozag
Hepliaklqana
Kikubaaqudgha
Makhleb
Nemelex Xobeh
Okawaru
Qazlal
Ru
Sif Muna
Trog
Uskayaw
Vehumet
Wu Jian
Yredelemnul
Zin
The Shining One

Annotations:
D:6 Sigmund


Innate Abilities, Weirdness & Mutations

You are a tree.
Your roots penetrate the ground, keeping you stationary.
You cannot be teleported.
You are immune to unholy pain and torment.
Your maximum health is greatly increased.
Your equipment is partially melded.
You are immune to sickness and miasma.
((Your stone body is resilient. (AC +5)))
You are immune to poison.
You resist negative energy. (rN+)
((You are resistant to electric shocks. (rElec)))
You are resistant to unholy torment.
You are immune to petrification.
You possess an exceptional clarity of mind.
Your muscles are very strong. (Str +4)
Your spells are a little easier to cast, but a little less powerful.


Message History

You block the gnoll's attack.
You slice the ice beast!!
You kill the ice beast!
Okawaru accepts your kill. Something hits you.
* * * LOW HITPOINT WARNING * * *
The gnoll completely misses you. Something hits you.
* * * LOW HITPOINT WARNING * * *
Your Fighting skill increases to level 5!
It was a potion of lignification.
You turn into a tree.
Your +0 helmet melds into your body.
The +0 pair of gloves of Beyond {rElec rPois rCorr} melds into your body.
Your +0 chain mail melds into your body.
Your roots penetrate the ground.
You block the gnoll's attack. You block something's attack.
You cannot move.
You block the gnoll's attack. Something hits you but does no damage.
The gnoll hits you from afar with a +0 spear.
* * * LOW HITPOINT WARNING * * *
Something hits you.
* * * LOW HITPOINT WARNING * * *
You cannot teleport because you are held in place by your roots.
The gnoll completely misses you. Something hits you but does no damage.
The gnoll hits you but does no damage.
You hear some strange, mumbled words.
Something tries to affect you, but you resist.
You feel a little less mighty now. The gnoll hits you but does no damage.
Something hits you but does no damage. You block the gnoll's attack.
You hear some strange, mumbled words.
Something tries to affect you, but you resist.
Okay, then.
The gnoll hits you but does no damage. Something hits you.
* * * LOW HITPOINT WARNING * * *
You block the gnoll's attack. Something hits you but does no damage.
You block the gnoll's attack. Something hits you.
* * * LOW HITPOINT WARNING * * *
A gnoll is nearby!
You block the gnoll's attack. Something hits you.
You die...

#...####.###
##.##.....# ##
##.....#####
##..####...####
.........### #### .
#.####..# #..## ... #.
##.## ###...##
.....#{###..####......#
......g)♣..........(..#
.....############...#.#
... ##...## . ##.## ###


You could see a gnoll.

Vanquished Creatures
  Menkaure (D:4)
  An ice beast (D:6)
  A necrophage (D:4)
  2 ogres
  Blork the orc (D:4)
  An elf zombie (Ossuary)
  A water moccasin zombie (D:6)
  3 human zombies (Ossuary)
  3 centaur zombies (Ossuary)
  A hound (D:5)
  A bullfrog zombie (D:5)
  A gnoll shaman (D:6)
  A centaur skeleton (D:5)
  An iguana (D:6)
  Natasha (thrice) (D:2)
  An orc wizard (D:6)
  A killer bee zombie (D:6)
  A hound zombie (D:5)
  3 mummies (Ossuary)
  5 adders
  3 gnolls (D:6)
  4 adder zombies (Ossuary)
  A worm (D:3)
  A dart slug (D:3)
  9 orcs
  3 endoplasms (D:3)
  9 giant cockroaches
  2 gnoll zombies (Ossuary)
  3 goblins
  5 hobgoblins
  3 quokkas
  8 bats
  2 frilled lizards
  3 goblin zombies (Ossuary)
  3 hobgoblin zombies (Ossuary)
  3 jackal zombies (Ossuary)
  4 kobolds
  A kobold zombie (Ossuary)
  An orc zombie (Ossuary)
  5 quokka zombies (Ossuary)
  3 rats (D:2)
  A rat zombie (Ossuary)
110 creatures vanquished.

Notes
Turn   | Place    | Note
-------+----------+-------------------------------------------
     0 | D:1      | bande the Gargoyle Fighter began the quest for the Orb.
     0 | D:1      | Reached XP level 1. HP: 14/14 MP: 1/1
   287 | D:1      | Reached XP level 2. HP: 19/19 MP: 2/2
   446 | D:2      | Found a faded altar of an unknown god.
   478 | D:2      | Reached XP level 3. HP: 21/23 MP: 3/3
   689 | D:2      | Gained mutation: You possess an exceptional clarity of
                  | mind. [potion of mutation]
   689 | D:2      | Gained mutation: Your muscles are strong. (Str +2) [potion
                  | of mutation]
   689 | D:2      | Gained mutation: Your spells are a little easier to cast,
                  | but a little less powerful. [potion of mutation]
   689 | D:2      | Gained mutation: Your muscles are very strong. (Str +4)
                  | [potion of mutation]
   875 | D:2      | Noticed Natasha
   882 | D:2      | Killed Natasha
   883 | D:2      | Reached XP level 4. HP: 20/28 MP: 4/4
  1203 | D:2      | Noticed Natasha
  1215 | D:2      | Killed Natasha
  1445 | D:2      | Noticed Natasha
  1459 | D:2      | Killed Natasha
  1460 | D:2      | Reached XP level 5. HP: 17/33 MP: 5/5
  2446 | D:4      | Noticed a necrophage
  2459 | D:4      | Killed a necrophage
  2460 | D:4      | Reached XP level 6. HP: 33/38 MP: 6/6
  2706 | D:4      | Noticed Menkaure
  2715 | D:4      | Killed Menkaure
  2716 | D:4      | Reached skill level 1 in Evocations
  3057 | D:4      | Identified the +0 leather armour of Zaummi {*Slow rN+ rCorr
                  | Str+5}
  3058 | D:4      | Noticed Blork the orc
  3066 | D:4      | Killed Blork the orc
  3067 | D:4      | Reached skill level 1 in Dodging
  3067 | D:4      | Reached XP level 7. HP: 25/43 MP: 7/7
  3303 | D:4      | Found a hazy altar of Hepliaklqana.
  3393 | D:4      | Identified the +0 pair of gloves of Beyond {rElec rPois
                  | rCorr}
  3802 | D:5      | Entered Level 5 of the Dungeon
  4098 | D:5      | Found a staircase to the Ecumenical Temple.
  4106 | Temple   | Entered the Ecumenical Temple
  4227 | Temple   | Became a worshipper of Warmaster Okawaru
  4709 | D:6      | Reached skill level 5 in Axes
  4709 | D:6      | Reached skill level 5 in Armour
  4709 | D:6      | Reached skill level 5 in Shields
  4821 | D:6      | Found a sand-covered staircase.
  4836 | Ossuary  | Entered an ossuary
  4901 | Ossuary  | Reached XP level 8. HP: 48/48 MP: 8/8
  4934 | Ossuary  | Reached skill level 1 in Invocations
  4948 | Ossuary  | Reached * piety under Okawaru
  5192 | D:6      | Noticed Sigmund
  5230 | D:6      | Reached skill level 5 in Fighting
  5240 | D:6      | Slain by Sigmund

Illustrated notes

Levels and vault maps discovered:
D:1:      dpeg_arrival_arbitrary_c, layout_basic, minmay_misc_feat_ornament,
          minmay_worlds_worst_comb
D:2:      layout_basic, hellmonk_ecumenical_altar_leap_of_faith,
          minmay_crystal_room, uniq_natasha
D:3:      layout_basic, st_stairs_12, minmay_liquid_box
D:4:      layout_loops_cross, kennysheep_flooded_box, uniq_menkaure,
          uniq_blork_the_orc
D:5:      layout_loops_ring, minmay_temple_entry_tees, minivault_4, minivault_25
D:6:      wander_river, layout_rooms, lemuel_tele_altar,
          lightli_ossuary_entry_decrepit_ruins, serial_shops,
          nicolae_shop_waterfront, nrook_mini_vaults, uniq_sigmund
Temple:   kilobyte_greek_temple

Skill      XL: |  1  2  3  4  5  6  7  8 |
---------------+-------------------------+-----
Axes           | 2 3 4 5 |  5.9
Shields        | 4 5 |  5.5
Armour         | 4 5 |  5.3
Fighting       | 4 5 |  5.0
Evocations     | 1 2 3 |  3.1
Dodging        | 1 |  1.1
Invocations    | 1 |  1.9
Stealth        | |  0.1

Action                   |  1- 3 |  4- 6 |  7- 9 || total
-------------------------+-------+-------+-------++-------
Melee: War axe           |    66 |    99 |   216 ||   381
  Use: Scroll            |     5 |     3 |     4 ||    12
       Potion            |     1 |     1 |     2 ||     4
Armor: Scale mail        |    31 |    57 |       ||    88
       Chain mail        |       |       |   148 ||   148
       Skin              |       |       |     7 ||     7
Dodge: Dodged            |    12 |    24 |    62 ||    98
Block: Kite shield       |    46 |    71 |   151 ||   268

Table legend: (Time is in decaauts)
 A = Elapsed time spent in this place.
 B = Non-inter-level travel time spent in this place.
 C = Inter-level travel time spent in this place.
 D = Time resting spent in this place.
 E = Time spent auto-exploring this place.
 F = Levels seen in this place.
 G = Mean time per level.
                   A        B        C        D        E       F      G
               +--------+--------+--------+--------+--------+-----+--------+
         Total |   5449 |   5398 |     51 |    699 |   3258 |   8 |  681.1 |
       Dungeon |   4886 |   4835 |     51 |    699 |   2946 |   6 |  814.3 |
        Temple |    175 |    175 |      0 |      0 |    138 |   1 |  175.0 |
       Ossuary |    387 |    387 |      0 |      0 |    174 |   1 |  387.0 |
               +--------+--------+--------+--------+--------+-----+--------+

Top non-repeatable levels by time:
     D:4: 1445 daAuts
     D:2: 1222 daAuts
     D:3: 797 daAuts
     D:5: 745 daAuts
     D:1: 451 daAuts
 Ossuary: 387 daAuts
     D:6: 225 daAuts
  Temple: 175 daAuts
